 Dungeon Crawl Stone Soup version 0.17-a0-1741-gd5e8965 (webtiles) character file.

44 TuckyLangle the Sneak (level 3, -3/24 HPs)
             Began as an Octopode Assassin on Aug 31, 2015.
             Slain by a shadow imp (5 damage)
             ... summoned by Natasha
             ... on level 2 of the Dungeon.
             The game lasted 00:03:25 (952 turns).

TuckyLangle the Sneak (Octopode Assassin)            Turns: 952, Time: 00:03:25

Health: -3/24      AC:  1    Str: 10    XL:     3   Next: 62%
Magic:  3/3        EV: 12    Int: 13    God:
Gold:   80         SH:  0    Dex: 14    Spells: 0 memorised, 2 levels left

rFire  . . .     SeeInvis .     a - +2 dagger
rCold  . . .     Clarity  .     (no shield)
rNeg   . . .     SustAt   .     (helmet restricted)
rPois  .         Gourm    .     (no amulet)
rElec  .         Spirit   .     (no ring)
rCorr  .         Warding  .     (no ring)
rMut   .         Stasis   .     (no ring)
MR     .....                    (no ring)
Stlth  ++++......               (no ring)
                                (no ring)
                                (no ring)
                                (no ring)

@: not resistant to hostile enchantments, stealthy
A: almost no armour, amphibious, 8 rings, constrict 8, camouflage 1, gelatinous
body 1
a: no special abilities


You were on level 2 of the Dungeon.
You were not hungry.

You visited 1 branch of the dungeon, and saw 2 of its levels.

You collected 80 gold pieces.

Inventory:

Hand weapons
 a - a +2 dagger (weapon)
 b - a +0 blowgun
Missiles
 c - 8 poisoned needles
 d - 2 curare-tipped needles
Scrolls
 g - 2 scrolls of identify {unknown}
 i - a scroll of remove curse {unknown}
 o - a scroll of random uselessness {unknown}
 p - a scroll of teleportation {unknown}
 q - a scroll of magic mapping {unknown}
Potions
 f - 2 potions of curing {unknown}
 j - 2 potions of brilliance {unknown}
 k - a potion of heal wounds {unknown}
 l - a potion of degeneration {unknown}
 m - a potion of resistance {unknown}
 n - a potion of haste {unknown}
 r - a potion of invisibility {unknown}
Comestibles
 e - 3 bread rations
 h - a slice of pizza


   Skills:
 - Level 2.0 Fighting
 * Level 3.9 Short Blades
 - Level 2.0 Throwing
 - Level 1.0 Dodging
 - Level 5.3 Stealth


You had 2 spell levels left.
You didn't know any spells.

Dungeon Overview and Level Annotations

Branches:
Dungeon (2/15)

Altars:

Annotations:
D:2 Natasha


Innate Abilities, Weirdness & Mutations

You cannot wear most types of armour.
You are amphibious.
You can wear up to eight rings at the same time.
You can use your tentacles to constrict eight enemies at once.
Your skin changes colour to match your surroundings (Stealth).
Your rubbery body absorbs attacks (AC +1).


Message History

The shadow imp gestures at you. Pain shoots through your body!
Natasha claws you.
You hit Natasha. Your grab misses Natasha.
Natasha is moderately wounded.
The rat closely misses you.
You hit Natasha. You grab Natasha.
Natasha is heavily wounded.
You constrict Natasha, but do no damage.
Natasha closely misses you. The shadow imp hits you. The rat bites you.
You barely miss Natasha. You squeeze Natasha.
Natasha is almost dead.
You constrict Natasha. Natasha claws you!
* * * LOW HITPOINT WARNING * * *
The shadow imp hits you.
* * * LOW HITPOINT WARNING * * *
The rat misses you.
You hit the shadow imp but do no damage.
You grab the shadow imp. You constrict Natasha. You constrict the shadow imp.
The shadow imp hits you.
You die...

########≈≈≈. # ≈≈. #. #
.. #.# # #### . . #.# #
..... ..### #.# # .....
.....##### #.# # ###.#
.........# ###.##### #
..##..h#.#######........
......r@............†...
.##...5............#####
....#..<..######.### ..#
###..........# .
#.....######## #....##
...#### ####


You could see Natasha, a shadow imp and a rat.

Vanquished Creatures
  2 adders (D:2)
  A ball python (D:1)
  3 bats
  A giant cockroach (D:2)
  A hobgoblin (D:1)
  2 jackals (D:2)
  2 quokkas (D:2)
  4 giant geckos
  A giant newt (D:1)
  7 goblins
  A kobold (D:1)
  A rat (D:2)
26 creatures vanquished.

Notes
Turn   | Place    | Note
--------------------------------------------------------------
     0 | D:1      | TuckyLangle the Octopode Assassin began the quest for the Orb.
     0 | D:1      | Reached XP level 1. HP: 14/14 MP: 1/1
   257 | D:1      | Reached XP level 2. HP: 17/19 MP: 2/2
   759 | D:2      | Reached XP level 3. HP: 24/24 MP: 3/3
   944 | D:2      | Noticed Natasha
   952 | D:2      | Slain by a shadow imp

Vault maps used:
D:1:      dpeg_arrival_pond, hangedman_decor_clover_reticule,
          serial_bayou_pond_d, minmay_misc_feat_chi, minmay_crystal_water,
          minmay_misc_feat_diagonals
D:2:      serial_bayou_lagoon_b, uniq_natasha

Action                   || total
-------------------------++-------
Melee: Dagger            ||    50
 Stab: Sleeping          ||    14
